 Dungeon Crawl Stone Soup version 0.28-a0-1429-gf3d713df7a (webtiles) character file.

Game seed: 7553481487954660846

78 Deminshera the Chiller (level 4, -2/27 HPs)
             Began as a Demonspawn Ice Elementalist on Jan 8, 2022.
             Was a Believer of Hepliaklqana.
             Slain by a killer bee zombie (7 damage)
             ... on level 3 of the Dungeon.
             The game lasted 00:03:19 (3064 turns).

Deminshera the Chiller (DsIE)                       Turns: 3064, Time: 00:03:19

Health: -2/27      AC:  5    Str:  8    XL:     4   Next: 15%
Magic:  0/8        EV: 12    Int: 19    God:    Hepliaklqana [**....]
Gold:   73         SH:  0    Dex: 13    Spells: 1/9 levels left

rFire   . . .      SeeInvis +   j - +2 short sword (venom)
rCold   . . .      Faith    .   (no shield)
rNeg    . . .      Spirit   .   a - +0 robe
rPois   .          Reflect  .   (no helmet)
rElec   .          Harm     .   (no cloak)
rCorr   .          Rampage  .   m - +0 pair of gloves
Will    .....                   (no boots)
Stlth   ++........              (no amulet)
HPRegen 0.09/turn               k - ring of see invisible
MPRegen 0.11/turn               (no ring)

@: freezing walls, hasted, very quick
A: reduced essence, hooves 1, yellow scales 1
a: Renounce Religion, Recall Ancestor, Ancestor Identity


You were on level 3 of the Dungeon.
You worshipped Hepliaklqana.
Hepliaklqana was pleased with you.
You visited 1 branch of the dungeon, and saw 3 of its levels.

You collected 73 gold pieces.

Inventory:

Hand Weapons
 j - a +2 short sword of venom (weapon)
Armour
 a - a +0 robe (worn)
 m - a +0 pair of gloves (worn)
Jewellery
 k - a ring of see invisible (left hand)
Scrolls
 f - 3 scrolls of teleportation {unknown}
 g - a scroll of fear {unknown}
 h - 2 scrolls of identify {unknown}
 l - a scroll of torment {unknown}
Potions
 b - a potion of flight {unknown}
 c - a potion of heal wounds {unknown}
 d - a potion of curing {unknown}
 e - a potion of resistance {unknown}
 i - a potion of haste


   Skills:
 - Level 2.0 Dodging
 - Level 2.0 Stealth
 + Level 3.1 Spellcasting
 + Level 0.1 Conjurations
 + Level 4.3 Ice Magic


You had one spell level left.
You knew the following spells:

 Your Spells              Type           Power      Damage    Failure   Level
a - Freeze                Ice            76%        1d9       2%          1
b - Frozen Ramparts       Ice            38%        1d5       8%          3
c - Hailstorm             Conj/Ice       11%        3d5       52%         4

Your spell library contained the following spells:

 Spells                   Type           Power      Damage    Failure   Level
 Ozocubu's Armour         Ice            19%        N/A       8%          3


Dungeon Overview and Level Annotations

Branches:
Dungeon (3/15)

Altars:
Hepliaklqana

Shops:
D:2 [


Innate Abilities, Weirdness & Mutations

Your life essence is reduced to manifest your ancestor. (-10% HP)
You have large cloven feet.
You are partially covered in yellow scales. (AC +2)


Message History

Tawil points at the orc and mumbles some strange words.
The orc resists with significant effort.
You freeze the orc.
You kill the orc!
The orc closely misses you.
You can't see any susceptible monsters within range! (Use Z to cast anyway.)
You can't see any susceptible monsters within range! (Use Z to cast anyway.)
A ball python comes into view.
Things that are here:
a +0 hand axe; a +0 leather armour; an orc corpse You freeze the orc wizard.
The orc wizard is moderately wounded.
The ball python hisses angrily.
The killer bee zombie hits you but does no damage.
The killer bee zombie closely misses you.
The orc wizard barely misses you. The orc hits you with a +0 trident!
You freeze the orc wizard.
The orc wizard is heavily wounded.
The killer bee zombie barely misses you.
The killer bee zombie closely misses you.
The orc hits you but does no damage.
The orc wizard mumbles some strange words.
The orc wizard flickers and vanishes for a moment.
Casting: Freeze (safe; 2% risk of failure)
Confirm with . or Enter, or press ? or * to list all spells.
The spell is quite dangerous to miscast (8% risk of failure)!
Continue anyway?
Casting: Frozen Ramparts (quite dangerous; 8% risk of failure)
Press: ? - help, Dir - look around, f - activate The walls around you are covered in ice.
The killer bee zombie hits you!
Tawil hits the orc wizard with a +0 dagger of draining.
The killer bee zombie hits you but does no damage.
The wall freezes the orc wizard.
The orc wizard hits you with a +0 dagger.
* * * LOW HITPOINT WARNING * * *
The wall freezes the orc.
The orc hits you with a +0 trident.
* * * LOW HITPOINT WARNING * * *
It was a potion of haste.
You feel yourself speed up. The killer bee zombie hits you!
You die...

# #.# # #.# #.#...# #
#.# #..... # #.###
#..#.# ###...# ...S.#
##....# #....# #
#.###.## #. #....##^#
..†....#####.###oZ......
#.#............o@R..#
##.....#####.###..###
#####........###..#
............(..#[.#
##########.#(#.#..#####
.#########.#............
........................
.#########.....#####....
## ####### ####


You could see the friendly Tawil the hexer, an orc wizard (invisible, ally
target), an orc, a killer bee zombie and a ball python.

Vanquished Creatures
  2 adders (D:2)
  An orc (D:3)
  5 bats (D:1)
  6 endoplasms
  A giant cockroach (D:1)
  3 goblins (D:2)
  3 hobgoblins (D:1)
  2 quokkas
  2 ball pythons (D:1)
  A frilled lizard (D:3)
  6 kobolds
  5 rats
37 creatures vanquished.

Vanquished Creatures (collateral kills)
  An adder (D:3)
  2 worms (D:2)
  A giant cockroach (D:2)
  A goblin (D:2)
5 creatures vanquished.

Grand Total: 42 creatures vanquished

Notes
Turn   | Place    | Note
-------+----------+-------------------------------------------
     0 | D:1      | Deminshera the Demonspawn Ice Elementalist began the quest
                  | for the Orb.
     0 | D:1      | Reached XP level 1. HP: 13/13 MP: 3/3
   735 | D:1      | Found a faded altar of an unknown god.
   745 | D:1      | Gained mutation: You have large cloven feet. [demonic
                  | ancestry]
   745 | D:1      | Reached XP level 2. HP: 19/19 MP: 1/5
   746 | D:1      | Prayed at the altar of an unknown god.
   746 | D:1      | Became a worshipper of Hepliaklqana the Forgotten
   746 | D:1      | Reached * piety under Hepliaklqana
  1613 | D:2      | Reached skill level 4 in Ice Magic
  1648 | D:2      | Found Edejunae's Armour Emporium.
  1655 | D:2      | Gained mutation: You are partially covered in yellow
                  | scales. (AC +2) [demonic ancestry]
  1655 | D:2      | Reached XP level 3. HP: 10/21 MP: 4/7
  2006 | D:2      | Reached ** piety under Hepliaklqana
  2007 | D:2      | Remembered your ancestor Tawil as a hexer
  2112 | D:2      | Learned a level 3 spell: Frozen Ramparts
  2886 | D:3      | Reached XP level 4. HP: 27/27 MP: 5/8
  2941 | D:3      | Learned a level 4 spell: Hailstorm
  3064 | D:3      | Slain by a killer bee zombie

Illustrated notes

Levels and vault maps discovered:
D:1:      minmay_arrival_widening_spiral_wide, layout_basic,
          basic_ecumenical_altar, eino_curves_02,
          hangedman_abyss_or_decor_stabs, st_stairs_7
D:2:      layout_rooms, serial_shops, nicolae_shop_trees,
          kennysheep_decorative_pillar, corexii_shack, minmay_bisected
D:3:      layout_loops_ring, nicolae_overflow_crystal_walls,
          pf_guarded_unrand_delatra, uniq_terence

Skill      XL: |  1  2  3 |
---------------+----------+-----
Stealth        | 2 |  2.0
Dodging        | 2 |  2.0
Ice Magic      | 4 |  4.3
Spellcasting   | 3 |  3.1
Conjurations   | |  0.1

Action                   |  1- 3 |  4- 6 || total
-------------------------+-------+-------++-------
Melee: Unarmed           |     3 |       ||     3
       Short sword       |    19 |     1 ||    20
       Kick              |     4 |       ||     4
 Cast: Freeze            |    44 |    11 ||    55
       Frozen Ramparts   |     1 |     1 ||     2
Invok: Ancestor Life: He |     1 |       ||     1
  Use: Potion            |       |     1 ||     1
 Stab: Sleeping          |     3 |       ||     3
Armor: Robe              |    19 |     3 ||    22
Dodge: Dodged            |    35 |     9 ||    44

Table legend: (Time is in decaauts)
 A = Elapsed time spent in this place.
 B = Non-inter-level travel time spent in this place.
 C = Inter-level travel time spent in this place.
 D = Time resting spent in this place.
 E = Time spent auto-exploring this place.
 F = Levels seen in this place.
 G = Mean time per level.
                   A        B        C        D        E       F      G
               +--------+--------+--------+--------+--------+-----+--------+
         Total |   3067 |   3022 |     45 |   1392 |   1334 |   3 | 1022.3 |
       Dungeon |   3067 |   3022 |     45 |   1392 |   1334 |   3 | 1022.3 |
               +--------+--------+--------+--------+--------+-----+--------+

Top non-repeatable levels by time:
     D:1: 1608 daAuts
     D:2: 1160 daAuts
     D:3: 299 daAuts
